 Dungeon Crawl Stone Soup version 0.26.1-2-gb8aa6d0cf2 (webtiles) character file.

Game seed: 2598511225633663854

69 Goblin1989 the Chopper (level 4, -6/63 HPs)
             Began as a Naga Berserker on Feb 15, 2021.
             Was a Follower of Trog.
             Mangled by a gnoll
             ... wielding a +0 spear
              (9 damage)
             ... on level 3 of the Dungeon.
             The game lasted 00:03:28 (2189 turns).

Goblin1989 the Chopper (Naga Berserker)             Turns: 2189, Time: 00:03:29

Health: -6/63      AC:  6    Str: 20    XL:     4   Next: 20%
Magic:  4/4        EV:  9    Int:  8    God:    Trog [*.....]
Gold:   73         SH:  0    Dex: 10    Spells: 3/3 levels left

rFire    . . .     SeeInvis +   a - +0 hand axe
rCold    . . .     Faith    .   (no shield)
rNeg     . . .     Spirit   .   p - +0 ring mail
rPois    +         Reflect  .   (no helmet)
rElec    .         Harm     .   k - +1 cloak
rCorr    +         Rampage  .   (no gloves)
Will     .....                  (no barding)
Stlth    ..........             (no amulet)
HPRegen  0.20/turn              g - ring of resist corrosion
MPRegen  0.09/turn              (no ring)

@: berserking, quick
A: large, see invisible, deformed body, poison resistance, slowness 2, spit
poison 1, AC +1
a: Spit Poison, Renounce Religion, Berserk


You were on level 3 of the Dungeon.
You worshipped Trog.
Trog was aware of your devotion.
You visited 1 branch of the dungeon, and saw 3 of its levels.

You collected 73 gold pieces.

Inventory:

Hand Weapons
 a - a +0 hand axe (weapon)
Armour
 k - a +1 cloak (worn)
 p - a +0 ring mail (worn)
Jewellery
 g - a ring of resist corrosion (left hand)
Scrolls
 f - a scroll of amnesia
 h - a scroll of immolation
 l - a scroll of enchant armour
 n - a scroll of fog {unknown}
 M - a scroll of magic mapping
 R - a scroll of identify {@r1}
Potions
 c - 2 potions of curing {@q1}
 o - a potion of haste {unknown}


   Skills:
 + Level 3.4 Fighting
 * Level 3.8 Axes
 + Level 2.1 Armour
 + Level 2.1 Dodging


You had 3 spell levels left.
You didn't know any spells.
Your spell library was empty.

Dungeon Overview and Level Annotations

Branches:
Dungeon (3/15)

Altars:


Innate Abilities, Weirdness & Mutations

You cannot wear boots.
Your serpentine skin is tough. (AC +1)
You have supernaturally acute eyesight. (SInv)
Armour fits poorly on your strangely shaped body.
Your system is resistant to poisons. (rPois)
You cover ground very slowly.
You can spit poison.


Message History

You finish taking off your +0 animal skin.
You start putting on your armour.
You continue putting on your glowing ring mail. x5
You finish putting on your cursed +0 ring mail.
Oops, that feels deathly cold.
Drop what? 16/52 slots (_ for help) (? for menu, Esc to quit)
You drop a +0 animal skin.
You feel slightly jumpy.
Oops, that ring feels deathly cold.
m - a cursed ring of teleportation (right hand)
As you read the scroll labelled UXAAWA HIORUISO, it crumbles to dust.
You feel momentarily disoriented.
It was a scroll of magic mapping.
M - a scroll of magic mapping
As you read the scroll labelled ZIAGYIDD BIPE, it crumbles to dust.
You assume a fearsome visage.
Nothing appears to happen.
It was a scroll of fear.
As you read the scroll labelled UGUYTE JOTUBLY, it crumbles to dust.
It is a scroll of amnesia.
You feel forgetful for a moment.
As you read the scroll labelled SIRAVAGILO, it crumbles to dust.
The air around you briefly surges with heat, but it dissipates.
It was a scroll of immolation.
As you read the scroll labelled IFICYA TIEDEEQ, it crumbles to dust.
It is a scroll of identify.
c - 2 potions of curing;
R - a scroll of identify
As you read the scroll labelled CIJUIDEUDO, it crumbles to dust.
It is a scroll of enchant armour.
Your +0 cloak glows green for a moment.
As you read the scroll labelled ITAPUQ MEXENA, it crumbles to dust.
You feel as if something is helping you.
It was a scroll of remove curse.
Drop what? 13/52 slots (_ for help) (? for menu, Esc to quit)
You remove your ring of teleportation.
You drop an uncursed ring of teleportation.
(D) Dungeon
Where to? (Enter - D:2 @ (x,y), ? - help)
There is a stone staircase leading down here.
You climb downwards.
A goblin, 3 gnolls and a dart slug come into view.
A gnoll is wielding a +2 vampiric spear.
The goblin shouts!
The gnoll shouts! x2
Found a leather armour and a ring of teleportation.
There is a stone staircase leading up here.
You slash the dart slug!
You kill the dart slug!
Trog accepts your kill.
The goblin wields a +0 hunting sling.
The goblin shoots a stone.
The stone barely misses you.
Unknown command.
An adder comes into view.
You closely miss the gnoll. You closely miss the goblin.
The adder hisses angrily.
A gnoll comes into view. It is wielding a +0 spear.
The goblin unwields a +0 hunting sling.
The goblin barely misses you.
The gnoll shouts!
You hit the gnoll.
The gnoll is lightly wounded.
You hit the goblin. The gnoll hits you. The gnoll barely misses you.
The gnoll hits you from afar with a +0 spear.
The goblin hits you.
You take 8 damage, and have 34/42 hp.
Unknown command.
The gnoll hits you. The gnoll hits you but does no damage.
The gnoll hits you with a +0 spear. The goblin barely misses you.
The gnoll hits you.
The gnoll hits you from afar with a +2 vampiric spear.
The gnoll closely misses you.
Found 4 gold pieces.
You take 6 damage, and have 28/42 hp.
You slash the goblin!
You kill the goblin!
Trog accepts your kill.
You hit the gnoll but do no damage. You barely miss the gnoll.
The gnoll hits you but does no damage.
The gnoll hits you from afar with a +0 spear!
The gnoll completely misses you.
The gnoll hits you from afar with a +2 vampiric spear.
You take 9 damage, and have 19/42 hp.
MASSIVE DAMAGE!!
The adder bites you but does no damage. The gnoll hits you!
* * * LOW HITPOINT WARNING * * *
The adder barely misses you. The gnoll barely misses you. The gnoll misses you.
The gnoll hits you with a +2 vampiric spear.
* * * LOW HITPOINT WARNING * * *
Things that are here:
a +0 hunting sling; 22 stones {@Q3} You take 11 damage, and have 8/42 hp.
MASSIVE DAMAGE!!
A red film seems to cover your vision as you go berserk!
You feel yourself moving faster!
You feel mighty! The adder bites you but does no damage.
The gnoll closely misses you. The gnoll misses you.
The gnoll completely misses you.
The gnoll hits you with a +2 vampiric spear!
* * * LOW HITPOINT WARNING * * *
The adder bites you.
* * * LOW HITPOINT WARNING * * *
You now have 4/63 hp.
You hit the gnoll.
The gnoll is moderately wounded.
You hit the adder. You closely miss the gnoll. You slash the gnoll!
The gnoll hits you.
* * * LOW HITPOINT WARNING * * *
The gnoll hits you from afar with a +0 spear!
You die...

...█...
.█......█
........█
........████████
█........(......
........†.......
.██..[..<.......
.......g.....=..
.......@........
..██..gSg███████
█..g..█ █.....█
█.....█ ........
........█
.$.......


You could see 4 gnolls and an adder.

Vanquished Creatures
  An adder (D:2)
  3 gnolls (D:2)
  A worm (D:2)
  2 dart slugs
  A giant cockroach (D:2)
  3 goblins
  2 hobgoblins (D:1)
  2 kobolds (D:1)
  5 bats (D:1)
  3 frilled lizards
  3 rats
26 creatures vanquished.

Notes
Turn   | Place    | Note
-------+----------+-------------------------------------------
     0 | D:1      | Goblin1989 the Naga Berserker began the quest for the Orb.
     0 | D:1      | Reached XP level 1. HP: 21/21 MP: 1/1
   514 | D:1      | Reached XP level 2. HP: 26/28 MP: 2/2
  1126 | D:2      | Reached XP level 3. HP: 7/34 MP: 3/3
  1126 | D:2      | HP: 1/51 [gnoll/+0 halberd (7)]
  1677 | D:2      | Reached XP level 4. HP: 31/42 MP: 4/4
  2189 | D:3      | HP: 3/63 [gnoll (2)]
  2189 | D:3      | Mangled by a gnoll

Illustrated notes

Levels and vault maps discovered:
D:1:      saegor_arrival_simple_c, layout_basic, minmay_crystal_water,
          hangedman_decor_clover_reticule
D:2:      layout_loops_cross, chequers_mini_garden
D:3:      layout_basic, minivault_26, nicolae_gozag_zags_fifth_avenue,
          uniq_crazy_yiuf_cottage, uniq_terence

Skill      XL: |  1  2  3 |
---------------+----------+-----
Armour         | 2 |  2.1
Dodging        | 2 |  2.1
Fighting       | |  3.4
Axes           | |  3.8

Action                   |  1- 3 |  4- 6 || total
-------------------------+-------+-------++-------
Melee: Hand axe          |    76 |    12 ||    88
Invok: Berserk           |     2 |     2 ||     4
  Use: Scroll            |       |     7 ||     7
 Stab: Sleeping          |       |     1 ||     1
Armor: Animal skin       |    15 |       ||    15
       Ring mail         |       |     4 ||     4
Dodge: Dodged            |    56 |    14 ||    70
